 Dungeon Crawl Stone Soup version 0.30.0-15-g856e2d3f33 (webtiles) character file.

Game seed: 2004983395236121120

1389 workbot the Cleaver (level 9, -9/70 HPs)
             Began as a Formicid Fighter on May 17, 2023.
             Was a Follower of Ru.
             Mangled by an orc warrior
             ... wielding a +0 battleaxe
              (10 damage)
             ... on level 6 of the Dungeon on May 18, 2023.
             The game lasted 00:16:04 (7041 turns).

workbot the Cleaver (Formicid Fighter)              Turns: 7041, Time: 00:16:04

Health: -9/70      AC: 11    Str: 24    XL:     9   Next: 0%
Magic:  9/9        EV:  8    Int:  9    God:    Ru [*.....]
Gold:   306        SH:  7    Dex: 13    Spells: 8/8 levels left

rFire   + . .        c - -3 executioner's axe
rCold   . . .        A - +2 buckler
rNeg    . . .        a - +0 chain mail
rPois   .            (helmet unavailable)
rElec   .            p - scarf {repulsion}
rCorr   .            r - +1 Delatra's gloves {ID++}
SInv    +            (no boots)
Will    .....        (no amulet) Stlth
                     s - ring of protection from fire
HPRegen 0.31/turn    (no ring)
MPRegen 0.11/turn

%: repel missiles
@: no status effects
A: permanent stasis, dig shafts and tunnels, antennae 3, unskilled 1, four
strong arms
a: Dig, Shaft Self, Renounce Religion


You were on level 6 of the Dungeon.
You worshipped Ru.
Ru was aware of your devotion.
You visited 2 branches of the dungeon, and saw 7 of its levels.

You collected 306 gold pieces.

Inventory:

Hand Weapons
 c - a -3 executioner's axe (weapon)
Armour
 a - a +0 chain mail (worn)
 p - a scarf of repulsion (worn)
 r - the +1 Delatra's gloves (worn) {ID++}
   (You found it on level 3 of the Dungeon)

   ID++:      It heals its wearer when they drink unknown potions, and restores
   their MP when they read unknown scrolls.
 A - a +2 buckler (worn)
Jewellery
 s - a ring of protection from fire (left hand)
Wands
 l - a wand of charming (17)
 z - a wand of iceblast (7)
Scrolls
 e - 4 scrolls of teleportation
 f - 5 scrolls of identify
 m - a scroll of butterflies {unknown}
 o - 2 scrolls of enchant armour {unknown}
 t - a scroll of amnesia {unknown}
 u - a scroll of brand weapon {unknown}
 x - a scroll of noise {unknown}
 y - 3 scrolls of immolation {unknown}
Potions
 d - 2 potions of might
 g - 2 potions of degeneration {unknown}
 h - a potion of heal wounds
 i - 3 potions of curing {unknown}
 j - 2 potions of brilliance {unknown}
 k - a potion of lignification {unknown}
 n - a potion of attraction {unknown}
 q - 2 potions of magic {unknown}
 v - a potion of flight {unknown}
 w - a potion of resistance {unknown}


   Skills:
 + Level 6.3 Fighting
 * Level 8.2 Axes
 - Level 3.0 Armour
 - Level 3.6 Shields


You had 8 spell levels left.
You didn't know any spells.
Your spell library contained the following spells:

 Spells                   Type           Power      Damage    Failure   Level
 Lesser Beckoning         Tloc           0%         N/A       99%         2
 Momentum Strike          Conj/Tloc      0%         3d8       99%         2
 Hailstorm                Conj/Ice       0%         3d3       100%        3
 Inner Flame              Hex/Fire       0%         N/A       100%        3
 Ozocubu's Armour         Ice            0%         N/A       100%        3
 Flame Wave               Conj/Fire      0%         2d4       100%        4
 Ice Form                 Ice/Tmut       0%         N/A       100%        4
 Sticky Flame             Conj/Fire      0%         2d3       100%        4
 Metabolic Englaciation   Hex/Ice        0%         N/A       100%        5
 Simulacrum               Ice/Necr       0%         N/A       100%        6
 Blink                    Tloc           Unusable   N/A       N/A         2

Dungeon Overview and Level Annotations

Branches:
Dungeon (6/15)             Temple (1/1) D:4

Altars:
Cheibriados
Fedhas
Gozag
Kikubaaqudgha
Nemelex Xobeh
Okawaru
Ru
Sif Muna
Uskayaw
Vehumet
Wu Jian
Xom
Yredelemnul
Zin
The Shining One

Annotations:
D:6 4 runed translucent doors


Innate Abilities, Weirdness & Mutations

You cannot be hasted, slowed, berserked, paralysed or teleported.
You can dig through walls and to a lower floor.
You have a pair of large antennae on your head. (SInv)
You are somewhat unskilled. (-1 Apt)
Your four strong arms can wield two-handed weapons with a shield.


Message History

You kill the orc wizard!
You hit the orc warrior. You block the orc warrior's attack.
The orc warrior hits you with a +0 battleaxe.
* * * LOW HITPOINT WARNING * * *
You have reached level 9!
Your experience leads to an increase in your attributes!
Increase (S)trength, (I)ntelligence, or (D)exterity?
You feel stronger. x2
You feel much better.
The orc warrior hits you with a +0 battleaxe.
* * * LOW HITPOINT WARNING * * *
You barely miss the orc warrior.
The orc warrior is severely wounded.
You closely miss the orc. The orc hits you but does no damage.
The orc warrior barely misses you.
You hit the orc warrior but do no damage.
The orc warrior is severely wounded.
You closely miss the orc.
The orc is stunned by your conviction and fails to attack.
The orc warrior hits you with a +0 battleaxe!
* * * LOW HITPOINT WARNING * * *
The orc warrior closely misses you. The orc hits you but does no damage.
You completely miss the orc warrior.
The orc warrior is severely wounded.
You closely miss the orc. The orc hits you but does no damage.
The orc warrior hits you with a +0 battleaxe.
* * * LOW HITPOINT WARNING * * *
You closely miss the orc warrior.
The orc warrior is severely wounded.
You closely miss the orc. The orc hits you but does no damage.
The orc warrior barely misses you.
The orc warrior hits you with a +0 battleaxe!
* * * LOW HITPOINT WARNING * * *
You block the orc's attack.
Unknown command.
You closely miss the orc warrior.
The orc warrior is severely wounded.
You closely miss the orc. You block the orc's attack.
The orc warrior hits you with a +0 battleaxe!
You die...

.# .# .# ..
....# ....#
....#
#############
....#
#....o)....).
....#
#######...@o...#
....#
#........#####.#
....###.......<#
.....##........#
.#...##........#
.#...##........#
.#...##........#
.#...########'##
##...# #...##.#


You could see an orc warrior and an orc.

Vanquished Creatures
  A water moccasin (D:5)
  An orc warrior (D:6)
  An ice beast (D:6)
  An ogre (D:6)
  A phantom (D:5)
  8 scorpions
  A hound (D:6)
  An orc priest (D:6)
  Terence (D:3)
  An iguana (D:5)
  2 orc wizards (D:6)
  15 gnolls
  11 adders
  A white imp (D:5)
  An ufetubus (D:5)
  A worm (D:3)
  2 dart slugs (D:1)
  7 orcs
  5 ball pythons
  8 endoplasms
  3 giant cockroaches
  7 goblins
  7 hobgoblins
  4 jackals
  6 kobolds
  6 quokkas
  10 bats
  6 frilled lizards
  5 rats
124 creatures vanquished.

Vanquished Creatures (others)
  An orc wizard (D:6)
1 creature vanquished.

Grand Total: 125 creatures vanquished

Notes
Turn   | Place    | Note
-------+----------+-------------------------------------------
     0 | D:1      | workbot the Formicid Fighter began the quest for the Orb.
     0 | D:1      | Reached XP level 1. HP: 18/18 MP: 1/1
   182 | D:1      | Reached XP level 2. HP: 24/24 MP: 2/2
   349 | D:1      | Reached skill level 3 in Axes
   567 | D:1      | Reached XP level 3. HP: 24/29 MP: 3/3
  1080 | D:2      | Found an ancient bone altar of Kikubaaqudgha.
  1574 | D:2      | Reached XP level 4. HP: 35/35 MP: 4/4
  1661 | D:2      | Reached skill level 4 in Axes
  1766 | D:2      | Found a faded altar of an unknown god.
  2096 | D:3      | Reached XP level 5. HP: 42/42 MP: 5/5
  2251 | D:3      | Noticed Terence
  2280 | D:3      | Killed Terence
  2385 | D:3      | Found a basalt altar of Yredelemnul.
  2478 | D:3      | Found the +1 Delatra's gloves {ID++}
  2687 | D:3      | Reached skill level 5 in Axes
  3020 | D:3      | Reached XP level 6. HP: 40/48 MP: 6/6
  3237 | D:4      | Found a staircase to the Ecumenical Temple.
  3247 | Temple   | Entered the Ecumenical Temple
  3320 | Temple   | Became a worshipper of Ru the Awakened
  3474 | D:5      | Entered Level 5 of the Dungeon
  3864 | D:4      | Found a radiant altar of Vehumet.
  4614 | D:5      | Noticed a water moccasin
  4629 | D:5      | Killed a water moccasin
  4630 | D:5      | Reached skill level 6 in Axes
  4702 | D:5      | Reached skill level 5 in Fighting
  4702 | D:5      | Reached XP level 7. HP: 43/56 MP: 7/7
  4941 | D:5      | Gained mutation: You are somewhat unskilled. (-1 Apt) [Ru
                  | sacrifice]
  4941 | D:5      | Reached * piety under Ru
  5073 | D:5      | Reached skill level 5 in Fighting
  5369 | D:5      | Found an iron altar of Okawaru.
  5846 | D:6      | Upgraded the game from 0.30.0-13-g156ef70053 to
                  | 0.30.0-15-g856e2d3f33
  5952 | D:6      | Reached XP level 8. HP: 60/62 MP: 8/8
  6082 | D:6      | Reached skill level 7 in Axes
  6500 | D:6      | Reached skill level 8 in Axes
  6738 | D:6      | Found a blossoming altar of Fedhas.
  6863 | D:6      | Found a large runed translucent door.
  6864 | D:6      | Found a large runed translucent door.
  6867 | D:6      | Noticed a manticore
  6881 | D:6      | Found a large runed translucent door.
  6881 | D:6      | Found a large runed translucent door.
  7035 | D:6      | HP: 2/64 [orc warrior/+0 battleaxe (2)]
  7036 | D:6      | Reached XP level 9. HP: 2/70 MP: 9/9
  7040 | D:6      | HP: 1/70 [orc warrior/+0 battleaxe (11)]
  7041 | D:6      | Mangled by an orc warrior

Illustrated notes

Levels and vault maps discovered:
D:1:      dpeg_arrival_water_temple_mockup, layout_basic, st_stairs_2
D:2:      layout_loops_corners, hellmonk_ecumenical_altar_dog_temple,
          basic_altar
D:3:      minmay_razor_zed, layout_basic, mainiacjoe_overflow_24_doors,
          uniq_terence
D:4:      layout_layer_cave, mainiacjoe_overflow_brackets, temple_fountains
D:5:      layout_loops_ring, kennysheep_mini_moat
D:6:      old_forge, layout_basic, fedhas_altar_1, minmay_hollow_rounded_squares
Temple:   chequers_temple_sunken

Skill      XL: |  1  2  3  4  5  6  7  8 |
---------------+-------------------------+-----
Axes           | 3 4 5 6 8 |  8.2
Fighting       | 4 5 5 6 |  6.3
Shields        | 3 |  3.6
Armour         | |  3.0

Action                     |  1- 3 |  4- 6 |  7- 9 || total
---------------------------+-------+-------+-------++-------
  Melee: War axe           |    80 |   180 |   123 ||   383
         Executioner's axe |       |       |    51 ||    51
 Invoke: Sacrifice Skill   |       |       |     1 ||     1
Ability: Dig               |       |     1 |       ||     1
    Use: Potion            |       |     2 |     3 ||     5
         Scroll            |       |       |     1 ||     1
 Armour: Scale mail        |    31 |    85 |    72 ||   188
         Chain mail        |       |       |    18 ||    18
  Dodge: Dodged            |    27 |    86 |   109 ||   222
         Repelled          |       |       |     4 ||     4
  Block: Buckler           |    16 |    36 |    81 ||   133
